 Dungeon Crawl Stone Soup version 0.19.5 (webtiles) character file.

5373 equalderp2856 the Covert (level 10, -2/42 HPs)
             Began as a Felid Fighter on Mar 25, 2017.
             Slain by a white ugly thing (34 damage)
             ... on level 11 of the Dungeon.
             The game lasted 00:46:16 (17271 turns).

equalderp2856 the Covert (Felid Fighter)           Turns: 17271, Time: 00:46:17

Health: -2/42      AC:  2    Str: 13    XL:     10   Next: 39%
Magic:  20/20      EV: 28    Int: 12    God:
Gold:   459        SH:  0    Dex: 18    Spells: 4 memorised, 14 levels left
                                        Lives:  0   Deaths: 3

rFire  . . .     SeeInvis +       - Unarmed
rCold  . . .     Gourm    .     (armour unavailable)
rNeg   . . .     Faith    .     (shield unavailable)
rPois  .         Spirit   .     (helmet unavailable)
rElec  .         Reflect  .     (cloak unavailable)
rCorr  .         Harm     .     (gloves unavailable)
MR     +....                    (boots unavailable)
Stlth  +++++.....               v - amulet of magic regeneration
                                k - +2 ring of dexterity
                                m - +5 ring of evasion

@: quick
A: no armour, no weapons or thrown items, stealth, claws 1, fangs 3, see
invisible, carnivore 3, speed 1, shaggy fur 2, slow metabolism 1, sharp paws
a: no special abilities


You were on level 11 of the Dungeon.
You were very full.

You visited 2 branches of the dungeon, and saw 12 of its levels.

You collected 459 gold pieces.

Inventory:

Missiles
 u - 125 arrows
Jewellery
 g - an uncursed ring of protection from fire
 k - a +2 ring of dexterity (right paw)
 m - a +5 ring of evasion (left paw)
 v - an amulet of magic regeneration (around neck)
 G - an uncursed ring of loudness
 H - an uncursed ring of ice {unknown}
Wands
 n - a wand of random effects (29/48)
 B - a wand of flame (27/48)
 D - a wand of confusion (37/48)
 M - a wand of random effects (39/48)
Scrolls
 e - 7 scrolls of identify
 i - 2 scrolls of fear
 l - a scroll of recharging
 q - 2 scrolls of amnesia
 x - a scroll of enchant armour
 A - a scroll of vulnerability {unknown}
 F - a scroll of remove curse
 J - a scroll of teleportation
 L - a scroll of magic mapping {unknown}
Potions
 a - 6 potions of might
 c - 2 potions of flight
 h - 3 potions of degeneration {unknown}
 j - 2 potions of magic
 o - 2 potions of curing
 p - 2 potions of invisibility
 r - 2 potions of cancellation {unknown}
 t - a potion of mutation {unknown}
 w - 3 potions of brilliance
 z - a potion of cure mutation {unknown}
 E - 2 potions of lignification
 I - a potion of haste {unknown}
 K - 2 potions of heal wounds {unknown}
Books
 s - a book of Misfortune

   Spells                             Type                      Level
   a - Confusing Touch                Hexes                        1
   b - Confuse                        Hexes                        3
   c - Gell's Gravitas                Hexes/Translocation          3
   d - Petrify                        Transmutation/Earth          4
   e - Metabolic Englaciation         Hexes/Ice                    5
   f - Yara's Violent Unravelling     Hexes/Transmutation          5
 y - a book of Maledictions

   Spells                             Type                      Level
   a - Corona                         Hexes                        1
   b - Ensorcelled Hibernation        Hexes/Ice                    2
   c - Confuse                        Hexes                        3
   d - Tukima's Dance                 Hexes                        3
   e - Dazzling Spray                 Conjuration/Hexes            3
Comestibles
 b - 7 meat rations
 d - a beef jerky
 f - 3 slices of pizza
 C - 7 bread rations


   Skills:
 + Level 3.8 Fighting
 + Level 7.0 Dodging
 + Level 11.3 Stealth
 + Level 11.2 Unarmed Combat
 + Level 6.3 Spellcasting
 + Level 9.4 Hexes
 + Level 1.6 Ice Magic


You had 14 spell levels left.
You knew the following spells:

 Your Spells              Type           Power        Failure   Level  Hunger
a - Confusing Touch       Hex            ####..       1%          1    None
b - Confuse               Hex            ####....     1%          3    ###....
c - Corona                Hex            ####...      1%          1    None
d - Ensorcelled Hibernat  Hex/Ice        ###...       2%          2    ##.....


Dungeon Overview and Level Annotations

Branches:
Dungeon (11/15)            Temple (1/1) D:6             Orc (0/2) D:9
   Lair: D:8-11

Altars:
Ashenzari
Cheibriados
Dithmenos
Elyvilon
Fedhas
Gozag
Hepliaklqana
Kikubaaqudgha
Makhleb
Nemelex Xobeh
Okawaru
Qazlal
Ru
Sif Muna
Trog
Uskayaw
Vehumet
Xom
Yredelemnul
Zin
The Shining One

Shops:
D:6 [%?[   D:9 *   D:11 =

Annotations:
D:9 exclusion: orange crystal statue, Pikel


Innate Abilities, Weirdness & Mutations

You cannot wear armour.
You are incapable of wielding weapons or throwing items.
Your paws allow you to move quietly. (Stealth)
You have sharp claws.
You have razor-sharp teeth.
You have supernaturally acute eyesight. (SInv)
You are carnivorous and can eat meat at any time.
You cover ground quickly.
You are covered in thick fur. (AC +2)
You have a slow metabolism.
Your sharp claws are effective at attacking unaware monsters.


Message History

Your Dodging skill increases to level 7!
There is an entrance to Cudamixza's Jewellery Boutique here.
An ugly thing, a big kobold and a kobold demonologist come into view.
Found a blowgun.
Found 15 gold pieces.
An adder skeleton comes into view.
A kobold demonologist comes into view. It is wielding a dagger.
Found a large pearl ring.
A kobold and a big kobold come into view.
The white ugly thing gurgles horribly!
The big kobold shouts!
The kobold demonologist shouts!
The big kobold shouts!
The white ugly thing misses you. The big kobold hits you with a club.
The kobold demonologist looks encouraged for a moment.
The kobold demonologist looks encouraged for a moment.
The kobold demonologist mumbles some strange words.
The kobold demonologist looks satisfied for a moment.
There is a stone staircase leading up here.
The white ugly thing engulfs you! The white ugly thing freezes you!!
Ouch! That really hurt!
You die...

### ... ..# ... ..###
..# ...####.#.#
...........
############..........
........@.....##.#>.##
...###..u.............
##.....%.%....#
#.4......##.##
.####........##.#
.............#..#
#####.....K....# .
####.#..Z#####$..=
####.....#......#


You could see a white ugly thing, a kobold demonologist, a red devil and an
adder skeleton (wandering).

Vanquished Creatures
  A hill giant (D:9)
  Joseph (D:9)
  A gargoyle (D:10)
  A two-headed ogre (D:10)
  Grinder (D:4)
  A meliai zombie (D:11)
  2 hippogriffs
  A spriggan (D:7)
  A wraith (D:10)
  3 wyverns
  Grum (D:8)
  A water moccasin (D:10)
  7 orc warriors
  4 ice beasts
  4 phantoms
  A black bear (D:8)
  An eye of draining (D:11)
  9 ogres
  The ghost of Hybris the Poker, an amateur DsBe of Trog (D:3)
  2 wolves (D:8)
  2 centaurs
  A big kobold (D:10)
  Blork the orc (D:5)
  A bullfrog (D:8)
  A gnoll sergeant (D:8)
  A scorpion (D:9)
  9 killer bees
  A howler monkey (D:6)
  11 wights (D:7)
  4 crimson imps
  2 centaur zombies
  A bullfrog zombie (D:5)
  2 quasits
  7 hounds
  3 jellies
  A bullfrog skeleton (D:5)
  8 orc priests
  5 iguanas
  7 orc wizards
  6 worker ants
  A killer bee zombie (D:5)
  2 hound zombies
  2 worker ant zombies
  6 gnolls
  11 adders
  A howler monkey skeleton (D:6)
  3 shadow imps
  2 oozes
  3 adder zombies
  3 adder skeletons
  2 worms
  3 dart slugs
  4 leopard geckos
  32 orcs
  9 giant cockroaches
  9 hobgoblins
  16 jackals
  10 quokkas
  4 ball pythons
  8 bats
  8 frilled lizards
  4 goblins
  A jackal skeleton (D:4)
  10 kobolds
  A leopard gecko skeleton (D:8)
  A leopard gecko zombie (D:7)
  2 quokka skeletons (D:5)
  6 rats
  A spectral orc (D:2)
283 creatures vanquished.

Vanquished Creatures (collateral kills)
  A killer bee (D:9)
1 creature vanquished.

Grand Total: 284 creatures vanquished

Notes
Turn   | Place    | Note
-------+----------+-------------------------------------------
     0 | D:1      | equalderp2856 the Felid Fighter began the quest for the Orb.
     0 | D:1      | Reached XP level 1. HP: 10/10 MP: 2/2
   358 | D:1      | Reached XP level 2. HP: 14/14 MP: 3/3
   771 | D:1      | Reached skill level 1 in Stealth
  1282 | D:1      | Reached XP level 3. HP: 17/17 MP: 4/4
  1814 | D:2      | Found a basalt altar of Yredelemnul.
  2133 | D:3      | Reached XP level 4. HP: 21/21 MP: 5/5
  2134 | D:3      | Reached skill level 5 in Unarmed Combat
  3344 | D:4      | Reached XP level 5. HP: 24/24 MP: 6/6
  3351 | D:4      | Noticed Grinder
  3355 | D:4      | Paralysed by Grinder for 7 turns
  3360 | D:4      | Slain by Grinder
  3361 | D:4      | Reached XP level 4. HP: -3/21 MP: 5/5
  3913 | D:5      | Entered Level 5 of the Dungeon
  3913 | D:5      | Noticed Blork the orc
  4081 | D:6      | Found a staircase to the Ecumenical Temple.
  4175 | D:6      | Found Moumar's Armour Emporium.
  4175 | D:6      | Found Ymal's Magic Scroll Emporium.
  4176 | D:6      | Found Esugio's Food Emporium.
  4176 | D:6      | Found Anlexoh's Antique Armour Emporium.
  4252 | D:6      | Found an iron altar of Okawaru.
  4252 | D:6      | Noticed an orc warrior
  4262 | D:6      | HP: 1/21 [orc warrior/hand axe (12)]
  4697 | D:5      | Reached XP level 5. HP: 24/24 MP: 6/6
  4710 | D:5      | Found a hazy altar of Hepliaklqana.
  4830 | D:5      | Learned a level 1 spell: Confusing Touch
  4834 | D:5      | Learned a level 3 spell: Confuse
  4934 | D:5      | Noticed an ogre
  5003 | D:5      | Reached skill level 5 in Dodging
  5052 | D:5      | Noticed an ice beast
  5059 | D:5      | Gained mutation: You are covered in thick fur. (AC +2) [Felid growth]
  5059 | D:5      | Reached XP level 6. HP: 28/28 MP: 7/7
  5079 | D:5      | Reached skill level 1 in Hexes
  5122 | D:5      | Killed an ice beast
  5161 | D:5      | Reached XP level 7. HP: 31/31 MP: 8/8
  5548 | D:5      | Killed from afar by Blork the orc
  5549 | D:5      | Reached XP level 6. HP: -2/28 MP: 7/7
  5574 | D:5      | Killed Blork the orc
  5580 | D:5      | Killed an ice beast
  5648 | D:5      | Reached skill level 5 in Stealth
  5672 | D:5      | Reached skill level 1 in Spellcasting
  5775 | D:5      | Reached XP level 7. HP: 31/31 MP: 6/9
  6148 | D:6      | Found an iron altar of Okawaru.
  6486 | D:7      | Found a shattered altar of Ashenzari.
  6608 | D:7      | Learned a level 1 spell: Corona
  6611 | D:7      | Learned a level 2 spell: Ensorcelled Hibernation
  6620 | D:7      | Reached XP level 8. HP: 34/34 MP: 12/12
  7045 | D:7      | Reached skill level 5 in Hexes
  7477 | D:7      | Noticed a dagger
  7478 | D:7      | Noticed a hand axe
  7481 | D:7      | Found a hide-covered altar of Uskayaw.
  7854 | D:8      | Reached XP level 9. HP: 34/38 MP: 14/16
  8249 | D:8      | Reached skill level 1 in Ice Magic
  8488 | D:8      | Noticed Grum
  9556 | D:3      | Noticed Hybris's ghost (amateur DsBe)
  9844 | D:3      | Killed Hybris's ghost
 10121 | D:3      | Found a radiant altar of Vehumet.
 10798 | D:4      | Killed Grinder
 11017 | D:5      | Reached skill level 10 in Unarmed Combat
 11056 | Temple   | Entered the Ecumenical Temple
 11659 | D:8      | Killed Grum
 11659 | D:8      | Reached XP level 10. HP: 42/42 MP: 18/18
 11961 | D:9      | Found a staircase to the Orcish Mines.
 11978 | D:9      | Reached skill level 10 in Stealth
 12412 | D:9      | Reached skill level 5 in Spellcasting
 12423 | D:9      | Noticed Joseph
 12519 | D:9      | Noticed Pikel
 13173 | D:9      | Noticed an orange crystal statue
 13249 | D:9      | Noticed a hill giant
 13478 | D:9      | Killed a hill giant
 13569 | D:9      | Killed Joseph
 13620 | D:9      | Found Jemuraoth's General Store.
 13956 | D:9      | HP: 2/42 [Pikel/whip of flaming (5)]
 13956 | D:9      | Slain by Pikel
 13957 | D:9      | Reached XP level 9. HP: 0/39 MP: 19/19
 14523 | D:10     | Entered Level 10 of the Dungeon
 15153 | D:10     | Noticed a gargoyle
 15304 | D:10     | Killed a gargoyle
 15304 | D:10     | Reached XP level 10. HP: 33/42 MP: 20/20
 17237 | D:11     | Found Cudamixza's Jewellery Boutique.
 17249 | D:11     | Noticed a white ugly thing
 17271 | D:11     | Slain by a white ugly thing

Skill      XL: |  1  2  3  4  5  6  7  8  9 10 |
---------------+-------------------------------+-----
Stealth        | 1 2 3 5 6 8 9 11 | 11.3
Unarmed Combat | 6 7 8 10 11 | 11.2
Dodging        | 5 6 7 |  7.0
Hexes          | 2 4 6 7 9 |  9.4
Spellcasting   | 1 2 4 6 |  6.3
Ice Magic      | 1 |  1.6
Fighting       | |  3.8

Action                   |  1- 3 |  4- 6 |  7- 9 | 10-12 || total
-------------------------+-------+-------+-------+-------++-------
Melee: Unarmed           |   104 |   176 |   411 |   236 ||   927
       Bite              |    16 |    17 |    62 |    25 ||   120
       Punch             |     1 |     2 |    22 |     5 ||    30
 Cast: Confusing Touch   |       |     8 |    32 |    33 ||    73
       Confuse           |       |       |    27 |     8 ||    35
       Ensorcelled Hiber |       |       |    12 |    12 ||    24
       Corona            |       |       |       |     1 ||     1
  Use: Scroll            |       |       |    17 |     1 ||    18
       Potion            |       |       |       |     2 ||     2
 Stab: Sleeping          |     3 |     8 |    18 |     8 ||    37
       Confused          |       |     6 |    23 |    17 ||    46
       Distracted        |       |     2 |     2 |     1 ||     5
  Eat: Chunk             |     6 |    10 |    24 |    11 ||    51
Armor: Skin              |     3 |     4 |     2 |     7 ||    16
Dodge: Dodged            |    84 |   136 |   277 |   229 ||   726
